 Dungeon Crawl Stone Soup version 0.31-a0-358-gac0dbeb3ab (webtiles) character file.

Game seed: 14680120266377551822

55 MacCMillion the Changeling (level 3, -1/27 HPs)
             Began as a Merfolk Shapeshifter on July 25, 2023.
             Slain by a phantom (2 damage)
             ... on level 2 of the Dungeon.
             The game lasted 00:02:37 (2279 turns).

MacCMillion the Changeling (Merfolk Shapeshifter)   Turns: 2279, Time: 00:02:38

Health: -1/27      AC:  5    Str: 17    XL:     3   Next: 93%
Magic:  3/3        EV: 12    Int:  7    God:
Gold:   107        SH:  0    Dex: 14    Spells: 2/2 levels left

rFire   . .          .
                       - Unarmed
rCold   . . .        (no shield)
rNeg    . . .        k - +0 ring mail
rPois   .            (helmet currently unavailable)
rElec   .            (cloak currently unavailable)
rCorr   .            (gloves currently unavailable)
SInv    .            (boots currently unavailable)
Will    .....        (no amulet)
Stlth   +            (no ring)
HPRegen 0.24/turn    (no ring)
MPRegen 0.08/turn

%: no passive effects
@: beast-form
A: beast (slay +3), (nimble swimmer 2), mertail
a: Begin Untransformation


You were on level 2 of the Dungeon.
You were a hulking beast.
You visited 1 branch of the dungeon, and saw 3 of its levels.

You collected 107 gold pieces.

Inventory:

Missiles
 g - 3 poisoned darts
Armour
 k - a +0 ring mail (worn)
Talismans
 c - a beast talisman
Wands
 a - a wand of flame (14)
Scrolls
 d - a scroll of enchant weapon {unknown}
 f - a scroll of amnesia {unknown}
 h - a scroll of summoning {unknown}
 j - a scroll of brand weapon {unknown}
 m - a scroll of teleportation {unknown}
 n - a scroll of fog {unknown}
Potions
 b - a potion of lignification
 e - a potion of mutation {unknown}
 i - a potion of resistance {unknown}
 l - a potion of enlightenment {unknown}


   Skills:
 + Level 2.0 Fighting
 + Level 3.4 Dodging
 * Level 4.2 Unarmed Combat
 - Level 4.3 Shapeshifting


You had 2 spell levels left.
You didn't know any spells.
Your spell library contained the following spells:

 Spells                   Type           Power      Damage    Failure   Level
 Blink                    Tloc           0%         N/A       78%         2
 Lesser Beckoning         Tloc           0%         N/A       78%         2
 Momentum Strike          Conj/Tloc      0%         3d8       78%         2


Dungeon Overview and Level Annotations

Branches:
Dungeon (3/15)

Altars:


Innate Abilities, Weirdness & Mutations

You are a hulking beast.
Your limbs bulge with bestial killing power. (Slay +3)
((You are very nimble when in or above water. (Stealth+, EV+, Speed+++)))
Your lower body shifts to a powerful aquatic tail in water.


Message History

The phantom is moderately damaged.
The phantom hits you.
You barely miss the phantom.
The phantom is moderately damaged.
The phantom hits you.
You are too injured to fight recklessly!
You are too injured to fight recklessly!
You barely miss the phantom.
The phantom is moderately damaged.
The phantom hits you but does no damage.
You hit the phantom.
The phantom is moderately damaged.
The phantom barely misses you.
You hit the phantom but do no damage. Your punch misses the phantom.
The phantom is moderately damaged.
The phantom hits you.
You miss the phantom.
The phantom is moderately damaged.
The phantom hits you.
* * * LOW HITPOINT WARNING * * *
The phantom blinks!
You blink.
You miss the phantom.
The phantom is moderately damaged.
The phantom closely misses you.
You hit the phantom.
The phantom is heavily damaged.
The phantom hits you.
* * * LOW HITPOINT WARNING * * *
The phantom blinks!
You blink.
You closely miss the phantom.
The phantom is heavily damaged.
You barely miss the phantom.
The phantom is heavily damaged.
The phantom hits you.
* * * LOW HITPOINT WARNING * * *
The phantom blinks!
You blink.
You miss the phantom.
The phantom is heavily damaged.
The phantom hits you.
You die...

.......####
#.###..##
.....#....##
#.##..##
#....#.....#
#.##.##
#########..# #.##.#
.......##..# #.##.#
######.##..# #.#..#
#.##..####
#...##########
#.###...§######.###
#....... #.#
#..§...hW(....#
#.######
#.#######...##.####
#.#
#...........>..#
#.#
################
#.# #.# #.# #.# #.#
#.#


You could see a phantom.

Vanquished Creatures
  2 adders (D:2)
  A worm (D:2)
  3 bats (D:1)
  4 endoplasms
  A giant cockroach (D:1)
  2 goblins (D:1)
  3 hobgoblins
  2 kobolds
  3 quokkas
  3 ball pythons
  5 frilled lizards
  3 rats
32 creatures vanquished.

Notes
Turn   | Place    | Note
-------+----------+-------------------------------------------
     0 | D:1      | MacCMillion the Merfolk Shapeshifter began the quest for
                  | the Orb.
     0 | D:1      | Reached XP level 1. HP: 15/15 MP: 1/1
   131 | D:1      | Reached XP level 2. HP: 16/21 MP: 2/2
  1295 | D:2      | Reached XP level 3. HP: 13/27 MP: 3/3
  2244 | D:3      | Noticed a phantom
  2278 | D:2      | HP: 1/27 [phantom (3)]
  2279 | D:2      | Slain by a phantom

Illustrated notes

Levels and vault maps discovered:
D:1:      erik_arrival_cave_to_civilisation [erik_arrival_cave_to_hall],
          layout_loops_ring
D:2:      layout_basic
D:3:      kennysheep_the_goblin_king, layout_rooms

Skill      XL: |  1  2  3 |
---------------+----------+-----
Dodging        | 3 |  3.4
Unarmed Combat | 4 |  4.2
Fighting       | 2 |  2.0
Shapeshifting  | |  4.3

Action                     || total
---------------------------++-------
  Melee: Unarmed           ||    92
         Punch             ||     3
 Armour: Animal skin       ||    10
         Ring mail         ||     5
  Dodge: Dodged            ||    32

Table legend: (Time is in decaauts)
 A = Elapsed time spent in this place.
 B = Non-inter-level travel time spent in this place.
 C = Inter-level travel time spent in this place.
 D = Time resting spent in this place.
 E = Time spent auto-exploring this place.
 F = Levels seen in this place.
 G = Mean time per level.
                   A        B        C        D        E       F      G
               +--------+--------+--------+--------+--------+-----+--------+
         Total |   2272 |   2049 |    223 |    371 |   1358 |   3 |  757.3 |
       Dungeon |   2272 |   2049 |    223 |    371 |   1358 |   3 |  757.3 |
               +--------+--------+--------+--------+--------+-----+--------+

Top non-repeatable levels by time:
     D:1: 1204 daAuts
     D:2: 1032 daAuts
     D:3: 35 daAuts
